 Dungeon Crawl Stone Soup version 0.29.1-15-g9cfb28693d (webtiles) character file.

Game seed: 17274538258410080068

13820 gohu the Severer (level 12, -3/110 HPs)
             Began as a Hill Orc Fighter on Mar 27, 2023.
             Was an Elder of Makhleb.
             Slain by a two-headed hydra (8 damage)
             ... on level 10 of the Dungeon.
             The game lasted 00:39:44 (12299 turns).

gohu the Severer (Hill Orc Fighter)                Turns: 12299, Time: 00:39:45

Health: -3/110     AC: 19    Str: 30    XL:     12   Next: 10%
Magic:  19/19      EV:  4    Int:  8    God:    Makhleb [****..]
Gold:   782        SH: 14    Dex: 10    Spells: 11/11 levels left

rFire   + . .      SeeInvis +   C - +1 scimitar (flame)
rCold   + + .      Faith    .   E - +0 kite shield
rNeg    . . .      Spirit   .   J - +0 gold dragon scales
rPois   +          Reflect  +   (no helmet)
rElec   .          Harm     .   l - +1 cloak
rCorr   .          Rampage  .   (no gloves)
Will    .....                   (no boots)
Stlth   ..........              y - amulet of Nomeerche {Reflect Fly rPois rC+ SH+5}
HPRegen 0.28/turn               j - +6 ring of strength
MPRegen 0.16/turn               I - ring of see invisible

@: flying
A: no striking features
a: Renounce Religion, Minor Destruction, Lesser Servant of Makhleb, Major
Destruction


You were on level 10 of the Dungeon.
You worshipped Makhleb.
Makhleb was greatly pleased with you.
You visited 2 branches of the dungeon, and saw 12 of its levels.
You also visited: Sewer.

You collected 1277 gold pieces.
You spent 495 gold pieces at shops.

Inventory:

Hand Weapons
 a - a +0 war axe
 u - a +1 war axe of freezing
 C - a +1 scimitar of flaming (weapon)
 G - a +2 broad axe
Missiles
 t - 15 boomerangs
 B - 2 throwing nets
 D - 2 silver javelins (quivered)
Armour
 b - a +0 scale mail
 c - a +0 buckler
 l - a +1 cloak (worn)
 n - a +0 chain mail
 E - a +0 kite shield (worn)
 J - +0 gold dragon scales (worn)
Jewellery
 d - an amulet of regeneration
 j - a +6 ring of strength (left hand)
 r - a ring of fire
 y - the amulet of Nomeerche (around neck) {Reflect Fly rPois rC+ SH+5}
   (You acquired it on level 8 of the Dungeon)

   [amulet of reflection]

   It reflects blocked missile attacks.
   rC:        It protects you from cold.
   rPois:     It protects you from poison.
   Fly:       It grants you flight.
   SH:        It affects your SH (+5).
 I - a ring of see invisible (right hand)
Wands
 A - a wand of digging (8)
 F - a wand of acid (4)
 H - a wand of polymorph (9)
 K - a wand of charming (1)
 N - a wand of iceblast (11)
Scrolls
 i - 4 scrolls of noise
 o - 11 scrolls of poison
 p - 2 scrolls of vulnerability
 w - a scroll of torment
 x - a scroll of amnesia
 M - a scroll of teleportation
 O - a scroll of identify
Potions
 e - 7 potions of curing
 f - a potion of haste
 g - 2 potions of cancellation
 h - 4 potions of heal wounds
 k - a potion of magic
 m - a potion of berserk rage
 q - a potion of brilliance
 s - 2 potions of attraction
 v - 3 potions of invisibility {unknown}
 z - 2 potions of flight
 L - a potion of lignification


   Skills:
 * Level 11.1 Fighting
 * Level 16.4 Axes
 + Level 8.7 Armour
 + Level 6.6 Shields
 * Level 9.3 Invocations


You had 11 spell levels left.
You didn't know any spells.
Your spell library contained the following spells:

 Spells                   Type           Power      Damage    Failure   Level
 Freeze                   Ice            0%         1d3       100%        1
 Magic Dart               Conj           0%         1d3       100%        1
 Summon Small Mammal      Summ           0%         N/A       100%        1
 Blink                    Tloc           0%         N/A       100%        2
 Searing Ray              Conj           0%         2d4       100%        2
 Call Canine Familiar     Summ           0%         N/A       100%        3
 Frozen Ramparts          Ice            0%         1d1       100%        3
 Ignite Poison            Fire/Tmut/Pois 0%         N/A       100%        3
 Lesser Beckoning         Tloc           0%         N/A       100%        3
 Mephitic Cloud           Conj/Pois/Air  0%         N/A       100%        3
 Summon Guardian Golem    Hex/Summ       0%         N/A       100%        3
 Fulminant Prism          Conj/Hex       0%         3d6       100%        4
 Hailstorm                Conj/Ice       0%         3d3       100%        4
 Freezing Cloud           Conj/Ice/Air   0%         6-21      100%        5
 Manifold Assault         Tloc           0%         N/A       100%        5


Dungeon Overview and Level Annotations

Branches:
Dungeon (11/15)            Temple (1/1) D:5            Lair (0/5) D:11
    Orc (0/2) D:10          Sewer (visited)

Altars:
Ashenzari
Fedhas
Gozag
Makhleb
Nemelex Xobeh
Okawaru
Qazlal
Vehumet
Wu Jian
Xom

Shops:
D:7 *   D:8 *:!


Message History

The five-headed hydra bites you.
The five-headed hydra bites you but does no damage.
You lop one of the five-headed hydra's heads off!
The flame cauterises the wound!
You slash the four-headed hydra! You burn the four-headed hydra.
The four-headed hydra is severely wounded.
You block the four-headed hydra's attack.
The four-headed hydra bites you!
The four-headed hydra bites you but does no damage.
You block the four-headed hydra's attack.
The four-headed hydra bites you!
* * * LOW HITPOINT WARNING * * *
The four-headed hydra bites you.
* * * LOW HITPOINT WARNING * * *
The four-headed hydra bites you but does no damage.
The four-headed hydra bites you!
* * * LOW HITPOINT WARNING * * *
You feel better.
The four-headed hydra is no longer covered in acid.
The four-headed hydra bites you but does no damage.
You block the four-headed hydra's attack.
The four-headed hydra bites you but does no damage. x2
You slice one of the four-headed hydra's heads off!
The flame cauterises the wound!
You slash the three-headed hydra! You burn the three-headed hydra.
The three-headed hydra is almost dead.
You block the three-headed hydra's attack.
The three-headed hydra completely misses you.
The three-headed hydra bites you but does no damage.
You chop one of the three-headed hydra's heads off!
The flame cauterises the wound!
You slash the two-headed hydra! You burn the two-headed hydra.
The two-headed hydra is almost dead.
The two-headed hydra bites you!
* * * LOW HITPOINT WARNING * * *
The two-headed hydra bites you!
* * * LOW HITPOINT WARNING * * *
You block the two-headed hydra's attack.
The two-headed hydra bites you!
You die...

###.#.......#.#......###....##..#
.>..#.#......†#....###..........#
....#...#........###........##.##
....#.#...#.....##...######.##.#
....#...#....###....## #.##.#
†)..#.#....###...##.# #.##.#
>...#....###.....##.#######.##.#
....#..###...###D##.........##.##
#.#.)###........@##.##########...
#.<......######.###....#####.....
#..###..#######..##.##.##.....###
#..###...........................
.....#..............##...........
.#.#..........##....##....##.....
.....#........##..........##.....
.#.#.#.........................##
..........##........)..........##


You could see a two-headed hydra.

Vanquished Creatures
  A very ugly thing (D:9)
  A boulder beetle (D:9)
  A catoblepas (D:9)
  A two-headed ogre (D:9)
  A tengu warrior (D:10)
  Pikel (D:5)
  An ugly thing (D:10)
  2 cyclopes
  An unseen horror (D:10)
  A gargoyle (D:10)
  2 efreet
  A freezing wraith (D:10)
  A troll (D:10)
  A slime creature (D:9)
  2 wraiths (D:10)
  5 yaks
  A wyvern (D:10)
  2 steam dragons
  2 wargs (D:10)
  3 water moccasins
  A black bear (D:5)
  3 ice beasts
  An ogre (D:5)
  8 centaurs
  A phantom (D:6)
  A kobold brigand (D:10)
  10 bullfrogs
  3 gnoll sergeants
  A wyvern zombie (D:6)
  A water moccasin zombie (D:6)
  A scorpion (D:6)
  25 killer bees
  7 howler monkeys
  3 bullfrog zombies (D:6)
  6 hounds
  9 orc priests
  2 jellies
  6 iguanas
  11 orc wizards
  A howler monkey zombie (D:6)
  12 gnolls
  13 adders
  A shadow imp (D:6)
  A white imp (D:5)
  An ufetubus (D:7)
  5 worms
  5 dart slugs
  42 orcs
  4 bats
  9 endoplasms
  9 giant cockroaches
  4 goblins
  6 hobgoblins
  8 quokkas
  8 ball pythons
  7 frilled lizards
  6 kobolds
  6 rats
279 creatures vanquished.

Vanquished Creatures (collateral kills)
  A cyclops (D:9)
  A vampire mosquito (D:9)
  2 orcs
4 creatures vanquished.

Vanquished Creatures (others)
  A boggart (D:9)
  An orc wizard (D:9)
  A withered plant (D:6)
3 creatures vanquished.

Grand Total: 286 creatures vanquished

Notes
Turn   | Place    | Note
-------+----------+-------------------------------------------
     0 | D:1      | gohu the Hill Orc Fighter began the quest for the Orb.
     0 | D:1      | Reached XP level 1. HP: 19/19 MP: 1/1
    61 | D:1      | Reached XP level 2. HP: 27/27 MP: 2/2
   143 | D:1      | Reached skill level 3 in Axes
   379 | D:2      | Reached XP level 3. HP: 34/34 MP: 3/3
  1040 | D:2      | Reached skill level 4 in Axes
  1095 | D:2      | Reached XP level 4. HP: 39/41 MP: 4/4
  1715 | D:3      | Reached skill level 5 in Axes
  1923 | D:4      | Reached XP level 5. HP: 47/47 MP: 5/5
  1976 | D:4      | Found a glowing drain.
  1980 | Sewer    | Entered a sewer
  2193 | Sewer    | Reached skill level 6 in Axes
  2255 | Sewer    | Reached skill level 5 in Fighting
  2255 | Sewer    | Reached XP level 6. HP: 45/56 MP: 6/6
  2270 | Sewer    | Reached skill level 7 in Axes
  2837 | D:3      | Found a burning altar of Makhleb.
  2837 | D:3      | Noticed a blizzard demon
  2840 | D:3      | Noticed a ynoxinul
  2840 | D:3      | Noticed a hellwing
  2842 | D:3      | Became a worshipper of Makhleb the Destroyer
  3192 | D:5      | Entered Level 5 of the Dungeon
  3208 | D:5      | Noticed an ice beast
  3696 | D:5      | Reached XP level 7. HP: 56/61 MP: 7/7
  3764 | D:5      | Reached skill level 8 in Axes
  3925 | D:5      | Noticed Pikel
  3954 | D:5      | Killed Pikel
  3955 | D:5      | Reached skill level 9 in Axes
  3955 | D:5      | Reached skill level 5 in Armour
  3955 | D:5      | Reached XP level 8. HP: 44/70 MP: 7/9
  4387 | D:5      | Reached skill level 10 in Axes
  4459 | D:5      | Found a broken altar of Ashenzari.
  4472 | D:5      | Reached * piety under Makhleb
  4511 | D:5      | Found a radiant altar of Vehumet.
  4850 | D:5      | Found a staircase to the Ecumenical Temple.
  4855 | Temple   | Entered the Ecumenical Temple
  5162 | D:5      | Found a blossoming altar of Fedhas.
  5410 | D:6      | Reached XP level 9. HP: 79/79 MP: 11/11
  5434 | D:6      | Reached skill level 11 in Axes
  5914 | D:6      | Reached ** piety under Makhleb
  5915 | D:6      | Reached skill level 12 in Axes
  5986 | D:6      | Found a sparkling altar of Nemelex Xobeh.
  6612 | D:7      | Found an opulent altar of Gozag.
  6618 | D:7      | Found Gozag's Platinum Reserve.
  6830 | D:8      | Reached skill level 13 in Axes
  6945 | D:8      | Reached XP level 10. HP: 82/88 MP: 13/13
  6965 | D:8      | Reached skill level 5 in Invocations
  7004 | D:8      | Found a shimmering altar of Xom.
  7285 | D:8      | Identified 2 scrolls of acquirement
  7285 | D:8      | Acquired 616 gold pieces
  7289 | D:8      | Acquired the amulet of Nomeerche {Reflect Fly rPois rC+
                  | SH+5}
  7356 | D:8      | Found Zoelonoi's Assorted Antiques.
  7477 | D:8      | Found Reugh's Distillery.
  7484 | D:8      | Bought a potion of heal wounds for 75 gold pieces
  7484 | D:8      | Bought a potion of curing for 45 gold pieces
  7484 | D:8      | Bought a potion of heal wounds for 75 gold pieces
  7484 | D:8      | Bought a potion of might for 60 gold pieces
  7484 | D:8      | Bought a potion of curing for 45 gold pieces
  7484 | D:8      | Bought a potion of heal wounds for 75 gold pieces
  7541 | D:8      | Found a stormy altar of Qazlal.
  7577 | D:8      | Reached *** piety under Makhleb
  7619 | D:8      | Found Tyw Ituq's Book Emporium.
  7935 | D:10     | Entered Level 10 of the Dungeon
  7962 | D:9      | Noticed a two-headed ogre
  7974 | D:9      | Killed a two-headed ogre
  8195 | D:9      | Reached skill level 14 in Axes
  8575 | D:9      | Noticed a boulder beetle
  8613 | D:9      | Killed a boulder beetle
  8865 | D:9      | Reached skill level 5 in Shields
  9092 | D:9      | Reached XP level 11. HP: 97/97 MP: 16/16
  9456 | D:9      | Noticed a cyclops
  9466 | D:9      | Killed a cyclops
  9467 | D:9      | Reached skill level 15 in Axes
  9476 | D:9      | Noticed a purple very ugly thing
  9479 | D:9      | Noticed a catoblepas
  9502 | D:9      | Killed a catoblepas
  9587 | D:9      | Noticed a centaur warrior
  9997 | D:9      | Killed a purple very ugly thing
  9998 | D:9      | Reached skill level 10 in Fighting
 10320 | D:8      | Bought a twisted diamond ring for 120 gold pieces
 10474 | D:9      | Noticed a cyclops
 10479 | D:9      | Killed a cyclops
 11197 | D:10     | Found a staircase to the Orcish Mines.
 11301 | D:10     | Reached **** piety under Makhleb
 11315 | D:11     | Noticed a death yak
 11315 | D:11     | Noticed a death yak
 11315 | D:11     | Found a staircase to the Lair.
 11604 | D:10     | Reached skill level 16 in Axes
 11632 | D:10     | Found an ornate altar of the Wu Jian Council.
 11651 | D:10     | Noticed a white ugly thing
 11666 | D:10     | Killed a white ugly thing
 11836 | D:10     | Noticed a tengu warrior
 11860 | D:10     | Killed a tengu warrior
 11861 | D:10     | Reached XP level 12. HP: 47/108 MP: 18/18
 12288 | D:10     | Noticed a seven-headed hydra
 12299 | D:10     | HP: 5/110 [two-headed hydra (11)]
 12299 | D:10     | Slain by a two-headed hydra

Illustrated notes

Levels and vault maps discovered:
D:1:      noname_arrival_rooms_in_the_neighbourhood, layout_rooms
D:2:      layout_basic, chequers_serial_rivers_micro_b, grunt_decor_cap,
          minmay_tripent
D:3:      layout_loops_ring, makhleb_altar_promises_db
D:4:      layout_basic, gup_sewer_entry_bowl
D:5:      layout_loops_corners, mainiacjoe_overflow_big_doors, kennysheep_mini,
          temple_doors_ab, uniq_pikel
D:6:      layout_gridville, nemelex_spade_bored_becter, serial_undead,
          serial_undead_b, serial_undead_d, serial_undead_c, serial_undead_d
D:7:      layout_rooms, nicolae_gozag_zags_fifth_avenue
D:8:      layout_basic, xom_teletrap_fun, mainiacjoe_overflow_surrounded_room,
          serial_shops, shop, shop, nicolae_take_the_stairs
D:9:      layout_rooms, nicolae_benzene_ring, minmay_evil_grid
D:10:     minmay_the_grid_triangle_9x9_rhombus_thin_mashed
          [minmay_the_grid_triangle_9x9_empty,
          minmay_the_grid_triangle_9x9_prize_center,
          minmay_the_grid_triangle_9x9_negative_grid,
          minmay_the_grid_triangle_9x9_steps], layout_loops_ring,
          mainiacjoe_overflow_brackets, erik_orc_4, serial_co_window_serial,
          co_window_paths_a, co_window_paths_a, co_window_cross_1,
          co_window_paths_a, co_window_cross_1, co_window_of_opportunity_a,
          co_window_paths_a, co_window_paths_a, co_window_of_opportunity_a,
          co_window_2corner, glass_columns_b, glass_columns_c, glass_columns_a
D:11:     layout_roguey, dpeg_lair_monsters
Temple:   oiseaux_autumnal_temple

Skill      XL: |  1  2  3  4  5  6  7  8  9 10 11 12 |
---------------+-------------------------------------+-----
Fighting       | 4 5 6 7 8 9 10 11 | 11.1
Axes           | 3 4 5 6 7 9 10 13 14 16 | 16.4
Armour         | 4 5 6 7 8 |  8.7
Invocations    | 2 3 4 7 9 |  9.3
Shields        | 4 5 6 |  6.6

Action                   |  1- 3 |  4- 6 |  7- 9 | 10-12 || total
-------------------------+-------+-------+-------+-------++-------
Melee: War axe           |    86 |   221 |   288 |   175 ||   770
       Broad axe         |       |       |       |   221 ||   221
       Scimitar          |       |       |       |     7 ||     7
Throw: Boomerang         |       |       |    19 |     6 ||    25
       Javelin           |       |       |       |     2 ||     2
Invok: Minor Destruction |       |       |     6 |    19 ||    25
       Lesser Servant of |       |       |       |     8 ||     8
       Major Destruction |       |       |       |     1 ||     1
  Use: Scroll            |       |     5 |     3 |    17 ||    25
       Potion            |       |       |     1 |     6 ||     7
 Stab: Distracted        |       |       |       |     3 ||     3
Armor: Scale mail        |    39 |   103 |    29 |       ||   171
       Chain mail        |       |       |    72 |     2 ||    74
       Gold dragon scale |       |       |       |   189 ||   189
Dodge: Dodged            |    48 |    88 |    79 |    45 ||   260
Block: Buckler           |    19 |    40 |    56 |       ||   115
       Kite shield       |       |       |     4 |   269 ||   273
       Reflection        |       |       |       |    13 ||    13
